[Event "42nd Olympiad Baku 2016 Open"]
[Site "Baku"]
[Date "2016.09.05"]
[Round "4.13"]
[White "Cu Hor, Winston Darwin"]
[Black "Hansen, Sune Berg"]
[Result "0-1"]
[ECO "A14"]
[WhiteElo "2318"]
[BlackElo "2595"]
[Annotator ""]
[PlyCount "72"]
[EventDate "2016.??.??"]
[EventCountry "AZE"]
[SourceTitle "playchess.com"]
[Source "ChessBase"]
[WhiteTeam "Guatemala"]
[BlackTeam "Denmark"]
[WhiteTeamCountry "GUA"]
[BlackTeamCountry "DEN"]
[TimeControl "40/5400+30:1800+30"]

1. Nf3 {(00:00)} d5 {(00:13)} 2. c4 {(00:40)} e6 {(
00:45)} 3. g3 {(01:27)} Nf6 {(00:45)} 4. Bg2 {(00:10)} Be7
{(01:29)} 5. O-O {(00:27)} O-O {(01:02)} 6. b3 {(
05:10)} c5 {(04:27)} 7. e3 {(00:59)} Nc6 {(02:31)} 8. Bb2
{(02:51)} d4 {(01:29)} 9. exd4 {(00:18)} cxd4 {(00:
06)} 10. Re1 {(00:09)} Re8 {(00:33)} 11. d3 {(08:41)} Bc5
{(05:10)} 12. a3 {(07:26)} a5 {(00:15)} 13. Ne5 {(
04:48)} Nxe5 {(00:24)} 14. Rxe5 {(00:02)} Qd6 {(00:07)}
15. Re1 {(00:26)} Rb8 {(06:27)} 16. Nd2 {(01:10)} e5 {
(06:02)} 17. Qf3 {(20:17)} Bd7 {(08:04)} 18. h4 {(
06:40)} Bc6 {(03:39)} 19. Qf5 {(02:47)} Bd7 {(07:09)} 20.
Qf3 {(01:09)} Bc6 {(00:22)} 21. Qf5 {(01:54)} Re6 {
(03:20)} 22. Bxc6 {(07:06)} bxc6 {(01:02)} 23. Re2 {
(00:52)} Rbe8 {(01:53)} 24. Kg2 {(00:46)} h6 {(02:
02)} 25. Qf3 {(04:14)} Qe7 {(03:59)} 26. Ree1 {(04:22)}
Rb8 {(03:12)} 27. Re2 {(00:48)} Nd7 {(01:21)} 28. Qh5 {
(00:44)} Bd6 {(02:39)} 29. Qf3 {(02:10)} Qd8 {(04:
24)} 30. Ra2 {(02:47)} Bf8 {(05:12)} 31. Bc1 {(04:22)} Nc5
{(00:48)} 32. Re1 {(05:08)} Qf6 {(04:22)} 33. Qe2 {
(03:04)} Qg6 {(00:54)} 34. Ne4 {(00:32)} Rxb3 {(01:
26)} 35. Rd1 {(02:24)} Nxe4 {(01:50)} 36. dxe4 {(00:10)}
Re8 {(01:27)} 0-1

[Event "42nd Olympiad Baku 2016 Open"]
[Site "Baku"]
[Date "2016.09.05"]
[Round "4.14"]
[White "Cupid, Kevin"]
[Black "Ho Hou-Meng, Herman"]
[Result "1-0"]
[ECO "A84"]
[WhiteElo "2166"]
[BlackElo "1908"]
[Annotator ""]
[PlyCount "78"]
[EventDate "2016.??.??"]
[EventCountry "AZE"]
[SourceTitle "playchess.com"]
[Source "ChessBase"]
[WhiteTeam "TTO"]
[BlackTeam "Macau"]
[TimeControl "40/5400+30:1800+30"]

1. d4 {(00:00)} e6 {(00:00)} 2. c4 {(00:00)} d5 {(
00:22)} 3. Nc3 {(00:00)} c6 {(01:49)} 4. Nf3 {(00:14)} f5
{(00:32)} 5. Bf4 {(01:44)} Nf6 {(00:21)} 6. e3 {(
00:02)} Be7 {(02:22)} 7. h3 {(00:03)} Nbd7 {(10:41)} 8.
Bd3 {(01:48)} dxc4 {(18:18)} 9. Bxc4 {(00:16)} Nb6 {
(00:34)} 10. Bb3 {(00:09)} Nbd5 {(09:43)} 11. Be5 {
(00:59)} Bd7 {(04:35)} 12. O-O {(00:05)} O-O {(01:
01)} 13. Rc1 {(00:49)} Be8 {(03:45)} 14. Nd2 {(01:28)} Kh8
{(02:05)} 15. Qe2 {(07:12)} Bg6 {(06:37)} 16. Na4 {
(01:17)} Nd7 {(05:43)} 17. Bh2 {(00:46)} Qe8 {(00:
57)} 18. a3 {(13:08)} Rd8 {(11:17)} 19. Rfe1 {(01:38)} Qf7
{(00:11)} 20. Bxd5 {(11:24)} exd5 {(00:07)} 21. b4 {
(00:08)} Bh5 {(02:43)} 22. Qd3 {(02:10)} a6 {(02:
43)} 23. Nb3 {(01:31)} Qg6 {(01:31)} 24. Na5 {(00:49)} Bf3
{(00:35)} 25. Qf1 {(00:51)} Rf6 {(06:13)} 26. Kh1 {
(00:15)} b5 {(01:20)} 27. Nb2 {(00:11)} Bh5 {(02:
36)} 28. Nd3 {(00:02)} Rc8 {(01:10)} 29. Be5 {(00:36)}
Nxe5 {(01:28)} 30. Nxe5 {(00:05)} Qh6 {(00:12)} 31. Naxc6
{(00:45)} Rfxc6 {(00:09)} 32. Rxc6 {(00:58)} Rxc6 {
(00:02)} 33. Nxc6 {(00:16)} Qxc6 {(00:03)} 34. Rc1 {
(00:13)} Qd7 {(00:11)} 35. Rc3 {(00:29)} h6 {(01:
23)} 36. Qc1 {(00:23)} Bd8 {(01:33)} 37. Rc8 {(04:00)} Kh7
{(01:54)} 38. Ra8 {(01:07)} Be2 {(01:35)} 39. Qc5 {
(01:51)} Be7 1-0

[Event "42nd Olympiad Baku 2016 Open"]
[Site "Baku"]
[Date "2016.09.05"]
[Round "4.24"]
[White "Dao, Thien Hai"]
[Black "Daly, Colm"]
[Result "1/2-1/2"]
[ECO "D20"]
[WhiteElo "2486"]
[BlackElo "2328"]
[Annotator ""]
[PlyCount "232"]
[EventDate "2016.??.??"]
[EventCountry "AZE"]
[SourceTitle "playchess.com"]
[Source "ChessBase"]
[WhiteTeam "Vietnam"]
[BlackTeam "Ireland"]
[WhiteTeamCountry "VIE"]
[BlackTeamCountry "IRL"]
[TimeControl "40/5400+30:1800+30"]

1. d4 {(00:00)} d5 {(00:00)} 2. c4 {(00:00)} dxc4 {
(00:00)} 3. e4 {(02:05)} c5 {(06:41)} 4. d5 {(03:
27)} e6 {(01:51)} 5. Nc3 {(03:28)} exd5 {(01:06)} 6. Nxd5
{(01:25)} Nf6 {(06:22)} 7. Bxc4 {(00:56)} Nxd5 {(
01:16)} 8. Bxd5 {(00:32)} Qc7 {(08:35)} 9. Nf3 {(05:03)}
Be7 {(00:59)} 10. O-O {(12:45)} O-O {(00:10)} 11. Be3 {
(00:53)} Nd7 {(25:26)} 12. Rc1 {(02:36)} Nf6 {(03:
39)} 13. Bxc5 {(08:48)} Bxc5 {(00:35)} 14. b4 {(00:03)}
Bxf2+ {(00:30)} 15. Rxf2 {(00:15)} Qb6 {(00:16)} 16. Qd4 {
(00:39)} Qxd4 {(13:42)} 17. Nxd4 {(00:10)} Nxd5 {(
03:21)} 18. exd5 {(00:09)} Rd8 {(00:13)} 19. Nb5 {(11:30)}
Bd7 {(07:26)} 20. Nd6 {(04:41)} Bc8 {(04:40)} 21. Rfc2 {
(15:42)} Bg4 {(06:40)} 22. Nxb7 {(00:59)} Rxd5 {(
00:11)} 23. h3 {(00:38)} Be6 {(01:08)} 24. Nc5 {(01:25)}
Bf5 {(00:13)} 25. Re2 {(02:06)} h5 {(02:20)} 26. Rce1 {
(01:40)} Kf8 {(02:08)} 27. Re5 {(02:35)} Rad8 {(01:
50)} 28. a4 {(00:49)} g6 {(00:20)} 29. b5 {(01:36)} Rd2 {
(00:46)} 30. R1e2 {(01:29)} Rxe2 {(00:15)} 31. Rxe2 {
(00:05)} Rd5 {(00:10)} 32. Nb3 {(00:40)} Rd3 {(00:
12)} 33. Rb2 {(00:37)} Rd5 {(01:50)} 34. Kf2 {(01:17)} Ke7
{(00:08)} 35. Na5 {(01:26)} Bd7 {(00:41)} 36. Rc2 {
(01:33)} Rd4 {(01:30)} 37. Rc7 {(00:29)} Ke6 {(00:
20)} 38. Nc4 {(01:24)} h4 {(00:25)} 39. Ke3 {(00:17)} Rd5
{(00:53)} 40. Rxa7 {(00:00)} Rc5 {(00:00)} 41. Nd2 {
(01:55)} Rc3+ {(01:20)} 42. Ke2 {(00:20)} Rg3 {(02:
22)} 43. Kf2 {(00:24)} Ra3 {(00:17)} 44. b6 {(00:13)} Bc6
{(01:15)} 45. b7 {(03:04)} Bxb7 {(00:34)} 46. Rxb7 {
(00:04)} Rxa4 {(00:06)} 47. Kf3 {(04:15)} f6 {(04:
56)} 48. Rb6+ {(00:25)} Ke5 {(00:32)} 49. Rb5+ {(00:10)}
Ke6 {(00:29)} 50. Ne4 {(00:26)} Ra3+ {(00:22)} 51. Kf2 {
(00:03)} Ra2+ {(00:12)} 52. Kg1 {(00:05)} Ra1+ {(
00:56)} 53. Kf2 {(03:35)} Ra2+ {(00:02)} 54. Kf1 {(00:20)}
Ra1+ {(00:07)} 55. Ke2 {(00:03)} Ra2+ {(00:28)} 56. Nd2 {
(00:04)} g5 {(00:55)} 57. Rb6+ {(01:18)} Ke5 {(01:
39)} 58. Ke3 {(00:22)} Ra3+ {(01:14)} 59. Rb3 {(00:06)}
Ra2 {(02:30)} 60. Rd3 {(00:53)} Ke6 {(01:11)} 61. Rb3 {
(06:03)} Kf5 {(04:07)} 62. Rb5+ {(01:27)} Ke6 {(00:
05)} 63. Rb6+ {(00:06)} Ke5 {(02:52)} 64. Rb2 {(01:13)}
Ra4 {(00:03)} 65. Nf3+ {(01:14)} Kf5 {(00:56)} 66. Nd4+ {
(00:13)} Kg6 {(00:17)} 67. Nc2 {(01:40)} Ra8 {(00:
46)} 68. Kf3 {(00:06)} Rc8 {(00:20)} 69. Ne3 {(00:05)} Rc3
{(00:35)} 70. Rb6 {(00:17)} Ra3 {(00:12)} 71. Rc6 {
(00:05)} Kf7 {(01:22)} 72. Ke4 {(00:58)} Ra4+ {(00:
13)} 73. Nc4 {(00:21)} Ra2 {(00:57)} 74. Kf3 {(00:04)} Ra1
{(02:49)} 75. Nd6+ {(00:17)} Kg6 {(02:58)} 76. Ne4 {
(01:32)} Rf1+ {(00:09)} 77. Ke2 {(00:10)} Rf4 {(00:
11)} 78. Nc3 {(00:05)} Kf7 {(02:30)} 79. Ke3 {(00:29)} Rf1
{(02:35)} 80. Nd5 {(00:29)} Rf5 {(00:38)} 81. Rd6 {
(01:08)} Rf1 {(00:30)} 82. Ke4 {(00:18)} Rf2 {(00:
20)} 83. Ra6 {(00:46)} Rxg2 {(01:47)} 84. Nxf6 {(02:28)}
Rg3 {(02:04)} 85. Kf5 {(00:29)} Rf3+ {(00:33)} 86. Kxg5 {
(00:50)} Rxh3 {(00:08)} 87. Ng4 {(00:20)} Rh1 {(00:
11)} 88. Ra2 {(00:40)} h3 {(00:15)} 89. Kh4 {(00:02)} h2 {
(00:15)} 90. Nxh2 {(00:03)} Kf6 {(00:20)} 91. Kg4 {
(00:05)} Rg1+ {(00:12)} 92. Kf4 {(00:05)} Rb1 {(00:
14)} 93. Ra6+ {(00:06)} Ke7 {(00:10)} 94. Nf3 {(00:05)}
Rb4+ {(00:07)} 95. Kf5 {(00:08)} Rb1 {(00:25)} 96. Ke4 {
(01:06)} Rb4+ {(00:14)} 97. Nd4 {(00:04)} Rb1 {(00:
17)} 98. Kd5 {(00:35)} Rd1 {(00:11)} 99. Rh6 {(00:17)} Kf7
{(00:16)} 100. Rh4 {(00:36)} Ke7 {(00:12)} 101. Re4+ {
(00:16)} Kf7 {(00:03)} 102. Ke5 {(00:05)} Ra1 {(00:
26)} 103. Rf4+ {(00:35)} Ke7 {(00:21)} 104. Nf5+ {(00:10)}
Kd7 {(00:10)} 105. Rd4+ {(00:04)} Kc6 {(00:43)} 106. Ng3 {
(00:39)} Re1+ {(00:28)} 107. Ne4 {(00:03)} Rh1 {(
01:11)} 108. Rc4+ {(00:05)} Kb5 {(01:07)} 109. Rc2 {(00:
11)} Kb6 {(00:30)} 110. Nf6 {(00:17)} Re1+ {(00:14)} 111.
Kd6 {(00:04)} Kb5 {(00:51)} 112. Nd5 {(00:13)} Rh1 {
(01:07)} 113. Rc5+ {(00:32)} Ka4 {(00:12)} 114. Rc3 {
(00:08)} Kb5 {(00:27)} 115. Rc5+ {(00:56)} Ka4 {(
00:02)} 116. Rc4+ {(00:07)} Kb3 {(00:47)} 1/2-1/2

[Event "42nd Olympiad Baku 2016 Open"]
[Site "Baku"]
[Date "2016.09.05"]
[Round "4.22"]
[White "Del Castilho, Martyn"]
[Black "Al Moshaiti, Khalil"]
[Result "1/2-1/2"]
[ECO "B78"]
[WhiteElo "2248"]
[BlackElo "2053"]
[Annotator ""]
[PlyCount "60"]
[EventDate "2016.??.??"]
[EventCountry "AZE"]
[SourceTitle "playchess.com"]
[Source "ChessBase"]
[WhiteTeam "Barbados"]
[BlackTeam "Libya"]
[WhiteTeamCountry "BAR"]
[BlackTeamCountry "LBY"]
[TimeControl "40/5400+30:1800+30"]

1. e4 {(00:00)} c5 {(00:00)} 2. Nf3 {(00:00)} d6 {(
00:30)} 3. d4 {(00:00)} cxd4 {(00:25)} 4. Nxd4 {(00:00)}
Nf6 {(00:35)} 5. Nc3 {(00:03)} g6 {(00:19)} 6. Be3 {
(00:29)} Bg7 {(00:36)} 7. f3 {(00:10)} O-O {(00:13]
} 8. Qd2 {(00:04)} Nc6 {(01:29)} 9. Bc4 {(00:30)} Bd7 {
(00:40)} 10. O-O-O {(00:39)} Rc8 {(02:25)} 11. Bb3 {
(00:09)} Ne5 {(00:46)} 12. Kb1 {(00:23)} a6 {(02:
16)} 13. h4 {(18:32)} h5 {(05:01)} 14. Bg5 {(03:06)} Rc5 {
(07:44)} 15. g4 {(10:14)} hxg4 {(06:23)} 16. h5 {(
05:35)} Nxh5 {(06:14)} 17. Nd5 {(22:49)} Re8 {(24:47)} 18.
Bh6 {(01:45)} e6 {(20:06)} 19. Bxg7 {(09:14)} Kxg7 {
(00:28)} 20. Nf4 {(02:20)} Nxf4 {(07:38)} 21. Qxf4 {
(00:01)} Rh8 {(00:02)} 22. fxg4 {(00:42)} Rh4 {(02:
14)} 23. Rdf1 {(15:44)} g5 {(02:57)} 24. Qf2 {(04:45)} Qe7
{(01:45)} 25. Rxh4 {(02:14)} gxh4 {(00:02)} 26. Rg1 {
(00:28)} Qf6 {(02:12)} 27. Qe3 {(00:15)} Ng6 {(01:
14)} 28. Ne2 {(00:40)} Qg5 {(00:25)} 29. Qd3 {(00:17)} Qe5
{(01:31)} 30. g5 {(00:46)} Kf8 {(00:22)} 1/2-1/2

[Event "42nd Olympiad Baku 2016 Open"]
[Site "Baku"]
[Date "2016.09.05"]
[Round "4.8"]
[White "Demosthenous, Andreas"]
[Black "Zhu, Chen"]
[Result "1/2-1/2"]
[ECO "B51"]
[WhiteElo "1983"]
[BlackElo "2418"]
[Annotator ""]
[PlyCount "81"]
[EventDate "2016.??.??"]
[EventCountry "AZE"]
[SourceTitle "playchess.com"]
[Source "ChessBase"]
[WhiteTeam "Cyprus"]
[BlackTeam "Qatar"]
[WhiteTeamCountry "CYP"]
[BlackTeamCountry "QAT"]
[TimeControl "40/5400+30:1800+30"]

1. e4 {(00:00)} c5 {(00:00)} 2. Nf3 {(00:00)} d6 {(
00:00)} 3. Bb5+ {(00:00)} Nd7 {(00:00)} 4. O-O {(00:05)}
a6 {(00:30)} 5. Bd3 {(00:10)} Ngf6 {(04:11)} 6. Re1 {
(03:21)} e5 {(09:38)} 7. c3 {(01:12)} Qc7 {(09:03)}
8. a4 {(05:18)} b6 {(02:02)} 9. Bc2 {(01:33)} c4 {(
05:02)} 10. b3 {(18:32)} cxb3 {(01:04)} 11. Bxb3 {(00:04)}
Nc5 {(00:40)} 12. d3 {(01:47)} Bg4 {(05:14)} 13. Na3 {
(06:43)} Be7 {(06:36)} 14. Be3 {(08:41)} Bxf3 {(12:
36)} 15. gxf3 {(00:26)} Nh5 {(00:53)} 16. Bd5 {(02:09)}
Rb8 {(01:46)} 17. d4 {(01:10)} Nd7 {(01:19)} 18. Qd3 {
(03:15)} O-O {(05:04)} 19. Qxa6 {(06:53)} Qxc3 {(
04:23)} 20. Rec1 {(03:34)} Qa5 {(02:34)} 21. Qxa5 {(03:12]
} bxa5 {(00:01)} 22. Rc7 {(02:40)} Rbd8 {(02:01)} 23. Bc6
{(01:29)} exd4 {(01:27)} 24. Bxd4 {(02:58)} Bf6 {(
00:21)} 25. Bxf6 {(03:02)} Nhxf6 {(08:56)} 26. Nc4 {(05:
43)} Rc8 {(05:57)} 27. Rxc8 {(00:52)} Rxc8 {(00:01)} 28.
Nxa5 {(01:47)} Ne5 {(00:15)} 29. Bb5 {(02:09)} Nxf3+ {
(00:16)} 30. Kg2 {(00:16)} Nh4+ {(02:29)} 31. Kg3 {
(04:48)} g5 {(03:45)} 32. Bc6 {(00:48)} Rxc6 {(05:
43)} 33. Nxc6 {(01:00)} Nxe4+ {(00:01)} 34. Kg4 {(02:07)}
f5+ {(00:46)} 35. Kh5 {(00:58)} Kg7 {(01:59)} 36. f4 {
(01:33)} Ng6 {(00:39)} 37. fxg5 {(02:03)} Nf4+ {(
00:11)} 38. Kh4 {(00:07)} Ng2+ {(00:25)} 39. Kh3 {(00:19)}
Nf4+ {(00:06)} 40. Kh4 {(00:00)} Ng6+ {(00:00)} 41. Kh3 {
(00:49)} 1/2-1/2

[Event "42nd Olympiad Baku 2016 Open"]
[Site "Baku"]
[Date "2016.09.05"]
[Round "4.25"]
[White "Dervishi, Erald"]
[Black "Hossain, Enamul"]
[Result "0-1"]
[ECO "B47"]
[WhiteElo "2564"]
[BlackElo "2431"]
[Annotator ""]
[PlyCount "150"]
[EventDate "2016.??.??"]
[EventCountry "AZE"]
[SourceTitle "playchess.com"]
[Source "ChessBase"]
[WhiteTeam "Albania"]
[BlackTeam "Bangladesh"]
[WhiteTeamCountry "ALB"]
[BlackTeamCountry "BAN"]
[TimeControl "40/5400+30:1800+30"]

1. e4 {(01:44)} c5 {(00:04)} 2. Nf3 {(00:05)} e6 {(
00:16)} 3. d4 {(00:07)} cxd4 {(00:07)} 4. Nxd4 {(00:06)}
Nc6 {(00:07)} 5. Nc3 {(00:42)} Qc7 {(00:14)} 6. Be2 {
(00:11)} a6 {(00:40)} 7. O-O {(00:17)} Nf6 {(00:30]
} 8. Kh1 {(00:20)} Nxd4 {(02:09)} 9. Qxd4 {(00:06)} Bc5 {
(00:09)} 10. Qd3 {(00:04)} b5 {(00:49)} 11. f4 {(
00:09)} Bb7 {(00:42)} 12. Bf3 {(00:20)} h5 {(01:00)} 13.
e5 {(00:10)} Ng4 {(00:29)} 14. Bxb7 {(00:11)} Qxb7 {
(00:03)} 15. Ne4 {(00:09)} Rc8 {(01:50)} 16. Bd2 {(
07:32)} Be7 {(00:56)} 17. a3 {(04:06)} Qd5 {(16:19)} 18.
Rac1 {(45:15)} Nh6 {(25:56)} 19. Bb4 {(07:22)} Nf5 {
(05:31)} 20. Rfd1 {(15:57)} Rc4 {(11:57)} 21. Qxd5 {
(05:05)} exd5 {(00:06)} 22. Nc3 {(00:50)} d4 {(05:
37)} 23. Ne4 {(02:28)} Rh6 {(03:56)} 24. b3 {(00:55)} Rc8
{(00:59)} 25. c4 {(01:15)} dxc3 {(06:19)} 26. Rxc3 {
(00:24)} Rxc3 {(02:23)} 27. Nxc3 {(00:37)} Rc6 {(
01:16)} 28. Nd5 {(03:10)} Bxb4 {(01:19)} 29. Nxb4 {(00:45]
} Rc3 {(01:33)} 30. Nxa6 {(00:53)} Rxb3 {(00:43)} 31. g3
Ne3 {(01:29)} 32. Rc1 {(01:39)} Rb2 {(02:32)} 33. h3 {
(01:05)} Nf5 {(00:30)} 34. Rc3 {(00:13)} h4 {(01:
26)} 35. gxh4 {(00:22)} Nxh4 {(01:36)} 36. Nc5 {(01:36)}
Rf2 {(02:33)} 37. Ne4 {(01:18)} Rxf4 {(00:16)} 38. Nd6+ {
(00:05)} Ke7 {(00:08)} 39. Nxb5 {(00:17)} Re4 {(01:
46)} 40. Kg1 {(00:00)} g5 {(00:00)} 41. Nd6 {(08:28)} Rxe5
{(05:34)} 42. Nc4 {(00:10)} Re1+ {(05:12)} 43. Kf2 {
(00:22)} Ra1 {(00:17)} 44. Re3+ {(01:05)} Kf6 {(01:
37)} 45. Nb6 {(10:25)} Ra2+ {(05:39)} 46. Re2 {(01:51)}
Rxa3 {(00:30)} 47. Nxd7+ {(00:07)} Kg7 {(03:09)} 48. Re3 {
(00:22)} Ra2+ {(00:07)} 49. Re2 {(00:06)} Ra7 {(00:
51)} 50. Nc5 {(00:31)} f5 {(02:06)} 51. Re6 {(03:15)} Ra2+
{(02:45)} 52. Re2 {(00:28)} Ra5 {(01:09)} 53. Re7+ {
(03:31)} Kg6 {(00:35)} 54. Re6+ {(00:13)} Kh5 {(01:
04)} 55. Nd7 {(01:38)} Ra2+ {(00:11)} 56. Kf1 {(00:35)}
Nf3 {(03:04)} 57. Re3 {(04:12)} Nh2+ {(00:39)} 58. Kg1 f4
{(00:56)} 59. Rb3 {(03:16)} Re2 {(03:21)} 60. Nf6+ {
(00:55)} Kh4 {(01:09)} 61. Rb8 {(00:10)} Kxh3 {(00:
51)} 62. Rh8+ {(00:06)} Kg3 {(00:05)} 63. Nh5+ {(00:08)}
Kf3 {(00:16)} 64. Nf6 {(01:00)} g4 {(00:55)} 65. Re8 {
(00:27)} Rg2+ {(01:47)} 66. Kh1 {(00:01)} Nf1 {(00:
33)} 67. Ne4 {(00:26)} Ng3+ {(00:51)} 68. Nxg3 {(00:01)}
Rxg3 {(00:01)} 69. Ra8 {(00:04)} Rh3+ {(00:20)} 70. Kg1 {
(00:00)} Kg3 {(00:15)} 71. Ra3+ {(00:57)} f3 {(00:
02)} 72. Rb3 {(00:44)} Rh2 {(00:26)} 73. Ra3 {(00:06)} Re2
{(00:37)} 74. Kf1 {(00:11)} Rb2 {(00:12)} 75. Ra1 {
(00:14)} Rh2 {(00:03)} 0-1

[Event "42nd Olympiad Baku 2016 Open"]
[Site "Baku"]
[Date "2016.09.05"]
[Round "4.4"]
[White "Diermair, Andreas"]
[Black "Van den Heever, Donovan"]
[Result "0-1"]
[ECO "A33"]
[WhiteElo "2478"]
[BlackElo "2247"]
[Annotator ""]
[PlyCount "92"]
[EventDate "2016.??.??"]
[EventCountry "AZE"]
[SourceTitle "playchess.com"]
[Source "ChessBase"]
[WhiteTeam "Austria"]
[BlackTeam "South Africa"]
[WhiteTeamCountry "AUT"]
[BlackTeamCountry "RSA"]
[TimeControl "40/5400+30:1800+30"]

1. Nf3 {(00:00)} Nf6 {(00:00)} 2. c4 {(00:00)} c5 {
(00:19)} 3. Nc3 {(01:26)} Nc6 {(01:14)} 4. d4 {(01:
07)} cxd4 {(00:51)} 5. Nxd4 {(00:24)} e6 {(02:12)} 6. Bf4
{(06:08)} Bb4 {(10:05)} 7. Ndb5 {(05:50)} O-O {(01:
59)} 8. a3 {(04:52)} Bxc3+ {(01:44)} 9. Nxc3 {(00:09)} d5
{(06:12)} 10. e3 {(02:37)} h6 {(08:00)} 11. Bg3 {(
03:42)} Qe7 {(04:34)} 12. Be2 {(14:55)} Rd8 {(01:34)} 13.
O-O {(03:14)} d4 {(24:08)} 14. exd4 {(00:11)} Nxd4 {
(00:31)} 15. Bd3 {(07:15)} b6 {(02:04)} 16. Re1 {(
04:27)} Bb7 {(03:16)} 17. b4 {(11:41)} Nf5 {(07:44)} 18.
Qe2 {(05:24)} Nxg3 {(01:57)} 19. hxg3 {(00:06)} a5 {
(04:05)} 20. Rab1 {(01:11)} axb4 {(00:55)} 21. axb4 {
(00:05)} Ra3 {(01:56)} 22. Qb2 {(01:41)} Raa8 {(00:
42)} 23. Rbd1 {(00:53)} Bc6 {(08:16)} 24. Be2 {(04:16)}
Qc7 {(02:52)} 25. Qc1 {(02:41)} Qe7 {(02:18)} 26. Qb2 {
(02:07)} Qc7 {(00:06)} 27. Rc1 {(00:59)} Qb7 {(01:
17)} 28. Bf1 {(00:34)} Qe7 {(01:12)} 29. Red1 {(03:06)}
Ng4 {(00:36)} 30. Be2 {(02:50)} Qg5 {(01:08)} 31. Bf3 {
(03:21)} Bxf3 {(00:32)} 32. gxf3 {(00:01)} Ne5 {(
00:29)} 33. Qe2 {(00:52)} Qf5 {(00:46)} 34. f4 {(02:30)}
Nd3 {(00:50)} 35. Rb1 {(00:34)} Rac8 {(00:25)} 36. Na4 {
(03:31)} Rxc4 {(00:28)} 37. Nxb6 {(00:08)} Rcd4 {(
00:16)} 38. b5 {(00:53)} Re4 {(00:43)} 39. Qc2 {(00:57)}
Red4 {(00:16)} 40. Nc8 {(00:00)} Qh3 {(00:00)} 41. Rxd3 {
(14:11)} Rxd3 {(01:11)} 42. b6 {(00:16)} Qh5 {(09:
39)} 43. Kg2 {(10:46)} Rd1 {(07:08)} 44. Ne7+ {(00:52)}
Kf8 {(00:36)} 45. Rxd1 {(00:36)} Rxd1 {(00:17)} 46. Ng6+ {
(01:31)} fxg6 {(00:23)} 0-1

[Event "42nd Olympiad Baku 2016 Open"]
[Site "Baku"]
[Date "2016.09.05"]
[Round "4.15"]
[White "Dizdarevic, Emir"]
[Black "Liu, Yeh Yang"]
[Result "1-0"]
[ECO "A04"]
[WhiteElo "2460"]
[BlackElo "2009"]
[Annotator ""]
[PlyCount "67"]
[EventDate "2016.??.??"]
[EventCountry "AZE"]
[SourceTitle "playchess.com"]
[Source "ChessBase"]
[WhiteTeam "Bosnia  Herzegovina"]
[BlackTeam "Taiwan"]
[WhiteTeamCountry "BIH"]
[BlackTeamCountry "TPE"]
[TimeControl "40/5400+30:1800+30"]

1. Nf3 {(00:00)} c5 {(00:00)} 2. g3 {(00:00)} Nc6 {
(00:00)} 3. Bg2 {(00:56)} g6 {(00:00)} 4. O-O {(01:
00)} Bg7 {(00:00)} 5. c3 {(00:12)} e5 {(02:15)} 6. a3 {
(05:45)} d5 {(06:49)} 7. d3 {(00:37)} Nge7 {(05:52]
} 8. e4 {(04:13)} O-O {(00:35)} 9. b4 {(03:22)} b6 {
(11:16)} 10. exd5 {(06:40)} Nxd5 {(01:05)} 11. Bb2 {
(01:15)} cxb4 {(02:51)} 12. axb4 {(03:03)} Bb7 {(
03:44)} 13. b5 {(05:17)} Na5 {(00:03)} 14. Ra4 {(07:07)}
Nc7 {(07:10)} 15. Na3 {(10:57)} Re8 {(04:19)} 16. Ba1 {
(05:58)} Qd6 {(08:43)} 17. Qb1 {(04:18)} Ne6 {(07:
55)} 18. d4 {(01:02)} exd4 {(04:21)} 19. cxd4 {(00:55)}
Rac8 {(05:15)} 20. Nc2 {(13:45)} Bd5 {(01:47)} 21. Ne3 {
(01:07)} Ba8 {(02:38)} 22. d5 {(05:03)} Nc5 {(00:
16)} 23. Rf4 {(01:10)} Nd7 {(07:43)} 24. Bxg7 {(00:29)}
Kxg7 {(00:02)} 25. Qb2+ {(04:27)} Ne5 {(01:17)} 26. Ng4 {
(01:10)} Nac4 {(02:12)} 27. Rxc4 {(02:29)} Rxc4 {(
00:01)} 28. Nfxe5 {(00:46)} Rb4 {(00:40)} 29. Qa3 {(03:28]
} Qf8 {(08:44)} 30. Nd7 {(02:08)} Qe7 {(02:27)} 31. Qc3+ {
(00:44)} f6 {(00:32)} 32. Ndxf6 {(00:31)} Rd8 {(00:
26)} 33. d6 {(01:19)} Qxd6 {(00:26)} 34. Ne8+ 1-0

[Event "42nd Olympiad Baku 2016 Open"]
[Site "Baku"]
[Date "2016.09.05"]
[Round "4.33"]
[White "Drayton, Anthony"]
[Black "Hasford, John Kojo"]
[Result "0-1"]
[ECO "D02"]
[WhiteElo "1923"]
[BlackElo "1970"]
[Annotator ""]
[PlyCount "114"]
[EventDate "2016.??.??"]
[EventCountry "AZE"]
[SourceTitle "playchess.com"]
[Source "ChessBase"]
[WhiteTeam "Guyana"]
[BlackTeam "Ghana"]
[WhiteTeamCountry "GUY"]
[BlackTeamCountry "GHA"]
[TimeControl "40/5400+30:1800+30"]

1. d4 {(00:00)} d5 {(00:00)} 2. Nf3 {(00:00)} Nf6 {
(00:04)} 3. c3 {(00:36)} g6 {(00:46)} 4. Bf4 {(00:
23)} Bg7 {(00:46)} 5. e3 {(00:19)} O-O {(00:22)} 6. Bd3 {
(00:05)} Nbd7 {(00:47)} 7. O-O {(00:18)} c5 {(00:
13)} 8. Nbd2 {(00:14)} Qb6 {(01:25)} 9. Qc2 {(00:39)} Re8
{(01:30)} 10. e4 {(00:26)} dxe4 {(01:23)} 11. Nxe4 {
(01:18)} Nxe4 {(00:18)} 12. Bxe4 {(00:09)} Nf6 {(
01:52)} 13. Bd3 {(02:26)} Nd5 {(01:00)} 14. Be3 {(04:37)}
Nxe3 {(04:02)} 15. fxe3 {(00:24)} Bd7 {(01:20)} 16. Bc4 {
(01:44)} Rf8 {(01:25)} 17. Kh1 {(02:07)} cxd4 {(00:
43)} 18. exd4 {(00:13)} Rac8 {(00:33)} 19. Qb3 {(02:47)}
Qxb3 {(05:00)} 20. Bxb3 {(00:12)} Bc6 {(00:44)} 21. Rae1 {
(00:12)} e6 {(02:49)} 22. Ng5 {(05:11)} Rce8 {(04:
10)} 23. Kg1 {(01:57)} h6 {(01:06)} 24. Ne4 {(02:40)} Rd8
{(02:27)} 25. a3 {(07:11)} b6 {(03:03)} 26. Nf6+ {(
00:44)} Kh8 {(00:26)} 27. Ng4 {(02:00)} Bb5 {(01:13)} 28.
Rf2 {(00:41)} Rc8 {(04:00)} 29. Ne5 {(00:20)} Rc7 {
(02:56)} 30. h3 {(08:34)} Kh7 {(00:12)} 31. d5 {(
01:55)} exd5 {(01:04)} 32. Bxd5 {(00:25)} Re7 {(01:24)}
33. Nf3 {(00:34)} Rxe1+ {(01:11)} 34. Nxe1 {(00:01)} Re8 {
(00:19)} 35. Nc2 {(01:42)} f5 {(00:25)} 36. c4 {(
02:52)} Ba4 {(00:44)} 37. b4 {(02:44)} Bb2 {(01:08)} 38.
b5 {(00:51)} Re5 {(01:07)} 39. Kf1 {(00:19)} Kg7 {(
03:36)} 40. Nb4 {(00:00)} Bc3 {(00:00)} 41. Re2 {(01:01)}
Rxe2 {(08:19)} 42. Kxe2 {(00:36)} Bxb4 {(00:24)} 43. axb4
{(00:12)} Kf6 {(00:10)} 44. Kd3 {(00:54)} Ke5 {(00:
17)} 45. Bb7 {(00:29)} g5 {(00:56)} 46. Ba6 {(00:02)} Bb3
{(01:55)} 47. Bb7 {(03:02)} h5 {(00:39)} 48. c5 {(
04:27)} Ba2 {(05:18)} 49. c6 {(00:42)} Bb1+ {(00:47)} 50.
Ke2 {(02:49)} Kd6 {(00:33)} 51. Ke3 {(00:45)} Kc7 {
(01:15)} 52. g3 {(00:36)} Bc2 {(01:18)} 53. Ba8 {(
05:13)} Ba4 {(00:42)} 54. h4 {(03:10)} gxh4 55. gxh4 Bxb5 {
(00:49)} 56. Kf4 {(01:14)} a5 {(00:13)} 57. bxa5 {(
03:21)} bxa5 0-1